 Dungeon Crawl Stone Soup version 0.30-a0-218-gedb9141078 (webtiles) character file.

Game seed: 9667080023014641436

956 Flugkiller the Slasher (level 8, -3/68 HPs)
             Began as a Meteoran Chaos Knight on Oct 5, 2022.
             Was a Plaything of Xom.
             Succumbed to a sea snake's poison
             ... on level 6 of the Dungeon.
             The game lasted 00:09:29 (2657 turns).

Flugkiller the Slasher (Meteoran Chaos Knight)      Turns: 2657, Time: 00:09:29

Health: -3/68      AC:  7    Str: 13    XL:     8   Next: 63%
Magic:  15/15      EV: 13    Int: 14    God:    Xom [...*..]
Gold:   317        SH:  0    Dex: 16    Spells: 10/15 levels left

rFire   + . .      SeeInvis +    a - +1 falchion (chaos)
rCold   + . .      Faith    .    (no shield)
rNeg    . . .      Spirit   .    b - +2 leather armour
rPois   .          Reflect  .    (no helmet)
rElec   .          Harm     .    x - scarf {rC+ rF+}
rCorr   .          Rampage  .    (no gloves)
Will    ++...                    f - +1 pair of boots
Stlth   +.........               v - amulet of regeneration
HPRegen 1.11/turn                i - ring of see invisible
MPRegen 0.14/turn                m - ring of willpower

@: lethally poisoned (-3 -> -41), hasted, glowing, very quick
A: sense surroundings 1, otherworldly, glowing, explore regen
a: Renounce Religion


You were on level 6 of the Dungeon.
You worshipped Xom.
You were a favourite toy of Xom.
You visited 1 branch of the dungeon, and saw 6 of its levels.
You also visited: Sewer.

You collected 317 gold pieces.

Inventory:

Hand Weapons
 a - a +1 falchion of chaos (weapon)
 u - a +2 dagger of protection
   (You took it off an orc on level 4 of the Dungeon)
Armour
 b - a +2 leather armour (worn)
 f - a +1 pair of boots (worn)
   (You found it on level 1 of the Dungeon)
 x - a scarf of resistance (worn)
   (You found it on level 4 of the Dungeon)
Jewellery
 i - a ring of see invisible (left hand)
   (You found it on level 2 of the Dungeon)
 m - a ring of willpower (right hand)
   (You found it on level 5 of the Dungeon)
 r - a +6 ring of strength
   (You found it on level 5 of the Dungeon)
 v - an amulet of regeneration (around neck)
   (You found it on level 3 of the Dungeon)
Wands
 w - a wand of roots (5)
   (You found it on level 3 of the Dungeon)
Scrolls
 g - 3 scrolls of enchant weapon
 j - a scroll of immolation
 l - a scroll of brand weapon
 n - 2 scrolls of poison
 o - 2 scrolls of summoning
 p - 2 scrolls of amnesia
 q - a scroll of vulnerability {unknown}
 t - 2 scrolls of teleportation
 y - 2 scrolls of butterflies
Potions
 d - a potion of might {unknown}
 e - 2 potions of cancellation
 h - a potion of haste
 k - a potion of heal wounds {unknown}
 s - 2 potions of brilliance
Miscellaneous
 c - a piece from Xom's chessboard (15/15) (quivered)


   Skills:
 - Level 5.0 Fighting
 - Level 6.0 Long Blades
 - Level 2.4 Armour
 - Level 4.0 Dodging
 + Level 4.2 Spellcasting
 + Level 4.4 Conjurations
 + Level 4.2 Transmutations


You had 10 spell levels left.
You knew the following spells:

 Your Spells              Type           Power      Damage    Failure   Level
i - Irradiate             Conj/Tmut      7%         3d14      73%         5

Your spell library contained the following spells:

 Spells                   Type           Power      Damage    Failure   Level
 Sublimation of Blood     Necr           2%         N/A       36%         2
 Ozocubu's Armour         Ice            2%         N/A       58%         3
 Petrify                  Tmut/Erth      8%         N/A       69%         4
 Ozocubu's Refrigeration  Ice            1%         4d7       100%        7


Dungeon Overview and Level Annotations

Branches:
Dungeon (6/15) Zot: 1347    Sewer (visited)
 Temple: D:4-7

Altars:


Innate Abilities, Weirdness & Mutations

You passively map a small area around you.
You are easily found by Zot.
You glow in the dark.
You regain HP and MP as you explore.


Message History

The ufetubus hits you.
You hit the ufetubus but do no damage.
The ufetubus seems to grow stronger.
The ufetubus hits you but does no damage. x2
The ufetubus hits you. The ufetubus closely misses you.
You slash the ufetubus! You burn the ufetubus.
You kill the ufetubus!
Your Transmutations skill increases to level 4!
No target in view!
No target in view!
h - 2 inky potions (gained 1)
You see here a +0 shortbow.
Things that are here:
a +0 dagger; an orc corpse
There is a stone staircase leading down here.
Okay, then.
Unknown command.
Unknown command.
You climb downwards.
There is a stone staircase leading up here.
Unknown command.
An ogre comes into view. It is wielding a +0 giant spiked club.
The ogre shouts!
An ogre is nearby!
You slash the ogre!
The ogre seems to grow stronger.
The ogre is moderately wounded.
The ogre misses you.
Aiming: Fastroot
Press: ? - help, Shift-Dir - straight line, f - ogre
Aim: an ogre, wielding a +0 giant spiked club (moderately wounded, strong)
The roots erupt in riotous growth!
Roots grab the ogre.
The grasping roots constrict the ogre!
You slash the ogre!
The ogre is almost dead.
The grasping roots constrict the ogre!
You kill the ogre!
You see here a +0 giant spiked club.
A scorpion comes into view.
The scorpion misses you.
You hit the scorpion.
The scorpion is lightly wounded.
The scorpion misses you.
You barely miss the scorpion.
The scorpion is lightly wounded.
The scorpion stings you but does no damage. x2
You hit the scorpion.
The scorpion is lightly wounded.
The scorpion stings you.
You closely miss the scorpion.
The scorpion is lightly wounded.
The scorpion barely misses you.
You hit the scorpion but do no damage.
The scorpion is lightly wounded.
The scorpion barely misses you.
You barely miss the scorpion.
The scorpion is lightly wounded.
The scorpion closely misses you.
You completely miss the scorpion.
The scorpion is lightly wounded.
The scorpion stings you.
You are poisoned.
The scorpion poisons you! The scorpion stings you.
You are more poisoned.
The scorpion poisons you!
You hit the scorpion but do no damage.
The scorpion changes into a glowing shapeshifter!
Xom is highly amused!
You feel very sick.
The glowing shapeshifter changes into a death drake!
You barely miss the death drake.
You feel very sick. The death drake bites you.
You closely miss the death drake.
You feel very sick. The death drake bites you!
You miss the death drake.
You feel sick.
The death drake changes into a sea snake!
Aiming: Fastroot
Press: ? - help, Shift-Dir - straight line, f - sea snake
Aim: a sea snake shaped shifter The roots erupt in riotous growth!
Roots grab the sea snake.
The grasping roots constrict the sea snake.
You feel very sick.
You hear a shout! x2
The sea snake bites you!
* * * LOW HITPOINT WARNING * * *
You are lethally poisoned!
The sea snake poisons you!
Okay, then.
Blink to where?
Press: ? - help, Dir - move target, p - sea snake The roots lose their grip on something.
As you read the scroll of blinking, it crumbles to dust.
* * * LOW HITPOINT WARNING * * *
You feel extremely sick.
It was a potion of haste.
You feel yourself speed up.
Xom thinks this is hilarious!
You die...
Xom guffaws!

, *#.# #S# ..
#.# * #.# #.#
, #.# #.# *
#.# #.# * #.#
#.# #.####.# *
#....@.#
#..##### #.##
#)# * #.# *
#####.####
#........#
#..######.####
, #, #...<#


You could see a sea snake shaped shifter.

Vanquished Creatures
  A blink frog (shapeshifter) (D:4)
  An ogre (D:6)
  A centaur (D:5)
  A necrophage (D:5)
  2 scorpions (D:5)
  2 jellies
  2 iguanas (D:5)
  3 orc wizards (D:5)
  4 river rats (Sewer)
  9 adders
  An ufetubus (D:5)
  3 worms
  A dart slug (D:4)
  10 orcs
  6 ball pythons
  7 endoplasms
  10 giant cockroaches
  4 goblins
  9 hobgoblins
  4 jackals
  5 quokkas
  15 bats
  2 frilled lizards
  6 kobolds
  6 rats
115 creatures vanquished.

Vanquished Creatures (others)
  A frilled lizard zombie (Sewer)
1 creature vanquished.

Grand Total: 116 creatures vanquished

Notes
Turn   | Place    | Note
-------+----------+-------------------------------------------
     0 | D:1      | Flugkiller the Meteoran Chaos Knight began the quest for
                  | the Orb.
     0 | D:1      | Reached XP level 1. HP: 19/19 MP: 2/2
    38 | D:1      | Reached skill level 4 in Long Blades
    39 | D:1      | Reached XP level 2. HP: 19/26 MP: 3/3
   125 | D:1      | XOM: divination: magic mapping
   175 | D:1      | Found a faded altar of an unknown god.
   202 | D:1      | Reached XP level 3. HP: 31/31 MP: 4/4
   448 | D:2      | Reached skill level 5 in Long Blades
   607 | D:2      | a ball python changed into a shapeshifter
   607 | D:2      | Noticed a shapeshifter (shapeshifter)
   607 | D:2      | XOM: polymorph ball python -> shapeshifter
   607 | D:2      | a shapeshifter changed into a guardian serpent
   607 | D:2      | Noticed a guardian serpent (shapeshifter)
   683 | D:2      | XOM: scenery: summon butterflies
   774 | D:3      | Reached XP level 4. HP: 36/38 MP: 5/5
  1063 | D:4      | Reached skill level 6 in Long Blades
  1072 | D:4      | Found a glowing drain.
  1089 | D:4      | Reached XP level 5. HP: 30/45 MP: 6/6
  1100 | Sewer    | Entered a sewer
  1209 | Sewer    | Reached skill level 1 in Conjurations
  1226 | Sewer    | Reached skill level 1 in Spellcasting
  1226 | Sewer    | Reached skill level 1 in Transmutations
  1291 | Sewer    | XOM: cleaving
  1297 | Sewer    | Reached XP level 6. HP: 27/52 MP: 8/8
  1503 | Sewer    | Glimpsed the power of Zot.
  1754 | D:4      | a hound changed into a shapeshifter
  1754 | D:4      | Noticed a shapeshifter (shapeshifter)
  1754 | D:4      | a shapeshifter changed into a blink frog
  1754 | D:4      | Noticed a blink frog (shapeshifter)
  1760 | D:4      | XOM: confuse monster(s)
  1771 | D:4      | Killed a blink frog
  1772 | D:4      | Reached XP level 7. HP: 53/60 MP: 9/11
  2027 | D:3      | XOM: noise
  2084 | D:4      | XOM: silly message
  2138 | D:5      | Entered Level 5 of the Dungeon
  2162 | D:5      | XOM: silly message
  2165 | D:5      | Reached skill level 5 in Fighting
  2189 | D:5      | Learned a level 5 spell: Irradiate
  2204 | D:5      | XOM: divination: detect items
  2331 | D:5      | XOM: summons friendly quasit
  2366 | D:5      | Reached XP level 8. HP: 57/68 MP: 13/13
  2651 | D:6      | a scorpion changed into a glowing shapeshifter
  2651 | D:6      | Noticed a glowing shapeshifter (glowing shapeshifter)
  2651 | D:6      | a glowing shapeshifter changed into a death drake
  2651 | D:6      | Noticed a death drake (glowing shapeshifter)
  2654 | D:6      | a death drake changed into a sea snake
  2654 | D:6      | Noticed a sea snake (glowing shapeshifter)
  2657 | D:6      | Succumbed to a sea snake's poison

Illustrated notes

Levels and vault maps discovered:
D:1:      roderic_dead_forest, layout_basic,
          hellmonk_ecumenical_altar_pennies_from_heaven
D:2:      layout_loops_cross
D:3:      layout_basic
D:4:      layout_gridville, gup_sewer_entry_glass
D:5:      layout_loops_ring
D:6:      layout_basic, demons_altar, zin_statuary, serial_bayou_crossing

Skill      XL: |  1  2  3  4  5  6  7  8 |
---------------+-------------------------+-----
Long Blades    | 4 5 6 |  6.0
Conjurations   | 1 2 3 4 |  4.4
Spellcasting   | 1 2 3 4 |  4.2
Transmutations | 1 2 3 4 |  4.2
Dodging        | 3 4 |  4.0
Fighting       | 4 5 |  5.0
Armour         | |  2.4

Action                   |  1- 3 |  4- 6 |  7- 9 || total
-------------------------+-------+-------+-------++-------
Melee: Falchion          |    80 |   162 |   124 ||   366
Evoke: Piece from Xom's  |       |     2 |       ||     2
       Wand              |       |       |     2 ||     2
  Use: Scroll            |     7 |     3 |     5 ||    15
       Potion            |       |       |     1 ||     1
 Stab: Paralysed         |       |     2 |       ||     2
       Confused          |       |     1 |       ||     1
       Distracted        |       |       |     1 ||     1
Armor: Leather armour    |    48 |   133 |    53 ||   234
Dodge: Dodged            |    54 |   126 |    85 ||   265

Table legend: (Time is in decaauts)
 A = Elapsed time spent in this place.
 B = Non-inter-level travel time spent in this place.
 C = Inter-level travel time spent in this place.
 D = Time resting spent in this place.
 E = Time spent auto-exploring this place.
 F = Levels seen in this place.
 G = Mean time per level.
                   A        B        C        D        E       F      G
               +--------+--------+--------+--------+--------+-----+--------+
         Total |   2760 |   2582 |    178 |      0 |      0 |   7 |  394.3 |
       Dungeon |   2252 |   2074 |    178 |      0 |      0 |   6 |  375.3 |
         Sewer |    507 |    507 |      0 |      0 |      0 |   1 |  507.0 |
               +--------+--------+--------+--------+--------+-----+--------+

Top non-repeatable levels by time:
   Sewer: 507 daAuts
     D:5: 481 daAuts
     D:4: 479 daAuts
     D:2: 442 daAuts
     D:3: 427 daAuts
     D:1: 384 daAuts
     D:6: 36 daAuts
